AoeStats
← riicken

Black Forest

503196780Analyzed
3v3 RM · 1mo ago on Aug 30, 2026· 73m 10s· 6 players
Game mode
Random Map
Map size
Normal (6 player)
Population
200
Speed
Normal
Resources
Standard
Victory
Conquest
Starting age
Dark Age
Ending age
Imperial Age
RankedLock teamsTeams togetherTeam positionsShared explorationLock speedFull tech treeHidden civsTurbo modeCheats
Victory
Defeat
🇻🇳 Hindustanis · Vietnam
968
+12
🇻🇳 Khmer · Vietnam
919
+14
🇻🇳 Vikings · Vietnam
885
+15
🇫🇷 Franks · France
910
-43
🇫🇷 Mongols · France
865
-13
🇬🇵 Khmer · Guadeloupe
841
-33
Soimeomeo
2:13 Loom
12:49 Feudal Age
14:00 Double-Bit Axe
16:19 Castle Age
17:21 Bloodlines
16:38 Light Cavalry
20:31 Bow Saw
34:04 Imperial Age
31:32 Gold Mining
33:24 Gold Shaft Mining
34:54 Bloodlines
34:07 Elite Ballista Elephant
35:11 Conscription
35:06 Fletching
35:32 Hussar
37:20 Ballistics
37:08 Double Crossbow
38:15 Bodkin Arrow
41:11 Chemistry
41:10 Bracer
41:58 Husbandry
44:35 Horse Collar
48:31 Scale Barding Armor
48:37 Forging
52:20 Iron Casting
57:32 Chain Barding Armor
62:15 Plate Barding Armor
62:41 Blast Furnace
67:19 Onager
duchiep11992
0:48 Loom
11:29 Feudal Age
11:56 Double-Bit Axe
11:53 Horse Collar
19:58 Castle Age
18:20 Gold Mining
18:54 Forging
18:21 Man-at-Arms
22:50 Long Swordsman
24:09 Gambesons
25:07 Pikeman
KiuTeaIce
2:32 Loom
11:34 Feudal Age
15:40 Horse Collar
18:08 Castle Age
24:15 Fishing Lines
24:44 Double-Bit Axe
26:34 Heavy Plow
26:35 Gold Mining
27:01 Stone Mining
28:28 Stone Shaft Mining
35:43 Imperial Age
33:45 Ballistics
34:21 Scale Barding Armor
37:18 Forging
37:29 Chain Barding Armor
38:24 Chemistry
36:50 Heavy Camel Rider
37:31 Husbandry
39:11 Gillnets
40:06 Grand Trunk Road
40:06 Murder Holes
40:17 Siege Engineers
42:05 Bloodlines
43:01 Wheelbarrow
43:58 Imperial Camel Rider
45:57 Iron Casting
46:39 Hand Cart
47:01 Gold Shaft Mining
51:33 Siege Engineers
64:05 Plate Barding Armor
72:46 Light Cavalry
tibulon
12:33 Feudal Age
14:57 Double-Bit Axe
14:55 Horse Collar
18:17 Castle Age
17:55 Gold Mining
17:56 Stone Mining
19:21 Wheelbarrow
21:37 Loom
24:34 Hand Cart
27:15 Heavy Plow
34:03 Imperial Age
32:22 Gold Shaft Mining
36:00 Caravan
37:52 Fletching
38:08 Scale Barding Armor
38:16 Forging
38:42 Double Crossbow
38:08 Elite Ballista Elephant
38:19 Elite Battle Elephant
40:59 Chain Barding Armor
40:35 Bodkin Arrow
41:04 Heavy Scorpion
42:14 Ballistics
42:55 Chemistry
42:06 Siege Engineers
44:12 Plate Barding Armor
43:38 Bracer
43:40 Padded Archer Armor
44:17 Iron Casting
45:46 Tusk Swords
48:39 Leather Archer Armor
48:25 Scale Mail Armor
49:26 Blast Furnace
50:57 Husbandry
51:09 Bloodlines
51:31 Masonry
52:59 Capped Ram
56:26 Architecture
60:38 Siege Ram
62:21 Ring Archer Armor
62:08 Chain Mail Armor
riicken
1:47 Loom
25:22 Feudal Age
30:28 Castle Age
61:59 Scale Barding Armor
62:05 Forging
64:47 Husbandry
65:51 Light Cavalry
69:22 Gold Mining
BlouGix
13:16 Feudal Age
14:18 Double-Bit Axe
14:50 Bloodlines
19:21 Castle Age
18:28 Forging
21:10 Iron Casting
21:01 Husbandry
21:09 Scale Barding Armor
34:43 Bow Saw
40:12 Imperial Age
40:39 Onager
40:56 Elite Steppe Lancer
45:16 Wheelbarrow
44:51 Gold Mining
46:50 Siege Onager
48:14 Drill
53:43 Hand Cart
56:59 Chemistry
Connection lost

Rejoining the realm…

Still unreachable

The connection could not be restored.

Session expired

The server has moved on; the page needs a fresh start.